 Dungeon Crawl Stone Soup version 0.28.0 (webtiles) character file.

Game seed: 14287450108978129023

120 styxcanada the Stinger (level 4, -3/24 HPs)
             Began as a Deep Elf Venom Mage on Feb 13, 2022.
             Killed by nerve-wracking pain
             ... invoked by a shadow imp
              (6 damage)
             ... in a sewer.
             The game lasted 00:18:48 (3465 turns).

styxcanada the Stinger (Deep Elf Venom Mage)        Turns: 3465, Time: 00:18:48

Health: -3/24      AC:  3    Str:  5    XL:     4   Next: 75%
Magic:  11/11      EV: 13    Int: 28    God:
Gold:   53         SH:  0    Dex: 21    Spells: 7/10 levels left

rFire   . . .      SeeInvis .   g - +0 long sword (vamp)
rCold   . . .      Faith    .   (no shield)
rNeg    . . .      Spirit   .   a - +1 robe
rPois   .          Reflect  .   (no helmet)
rElec   .          Harm     .   (no cloak)
rCorr   .          Rampage  .   (no gloves)
Will    .....                   (no boots)
Stlth   +++.......              p - amulet of magic regeneration
HPRegen 0.08/turn               c - +6 ring of intelligence
MPRegen 0.52/turn               f - +6 ring of dexterity

@: no status effects
A: no striking features
a: no special abilities


You were in a sewer.
You visited 1 branch of the dungeon, and saw 3 of its levels.
You also visited: Sewer.

You collected 79 gold pieces.
You spent 26 gold pieces at shops.

Inventory:

Hand Weapons
 g - a +0 vampiric long sword (weapon)
Missiles
 b - 136 stones
 m - 24 sling bullets
 q - 2 poisoned darts (quivered)
Armour
 a - a +1 robe (worn)
 j - an orb of wrath
Jewellery
 c - a +6 ring of intelligence (left hand)
 f - a +6 ring of dexterity (right hand)
 p - an amulet of magic regeneration (around neck)
Scrolls
 k - a scroll of teleportation
Potions
 d - 2 potions of curing
 h - a potion of brilliance {unknown}
 i - a potion of degeneration {unknown}
 l - a potion of ambrosia {unknown}
 n - a potion of attraction {unknown}
 o - a potion of lignification {unknown}


   Skills:
 + Level 0.8 Long Blades
 + Level 2.4 Dodging
 * Level 3.2 Stealth
 * Level 3.9 Spellcasting
 * Level 2.2 Transmutations
 * Level 1.2 Air Magic
 * Level 4.3 Poison Magic


You had 7 spell levels left.
You knew the following spells:

 Your Spells              Type           Power      Damage    Failure   Level
a - Sting                 Tmut/Pois      96%        1d7       1%          1
b - Poisonous Vapours     Pois/Air       42%        N/A       3%          2

Your spell library contained the following spells:

 Spells                   Type           Power      Damage    Failure   Level
 Mephitic Cloud           Conj/Pois/Air  15%        N/A       11%         3
 Olgreb's Toxic Radiance  Pois           30%        N/A       12%         4


Dungeon Overview and Level Annotations

Branches:
Dungeon (3/15)              Sewer (1/1)

Altars:
Kikubaaqudgha

Shops:
D:1 :   D:2 ?

Annotations:
D:3 1 runed translucent door, pkoi's ghost, weakling DrCj


Message History

You hit the shadow imp.
The shadow imp is moderately wounded.
The shadow imp barely misses you. The shadow imp gestures at you.
Pain shoots through your body!
You hit the shadow imp.
The shadow imp is heavily wounded.
The shadow imp hits you but does no damage.
You barely miss the shadow imp.
The shadow imp is heavily wounded.
The shadow imp hits you.
You barely miss the shadow imp.
The shadow imp is heavily wounded.
The shadow imp barely misses you. The shadow imp hits you.
* * * LOW HITPOINT WARNING * * *
You closely miss the shadow imp.
The shadow imp is heavily wounded.
The shadow imp hits you but does no damage.
You hit the shadow imp but do no damage.
The shadow imp is heavily wounded.
The shadow imp barely misses you.
You hit the shadow imp.
The shadow imp is severely wounded.
The shadow imp barely misses you. x2
You hit the shadow imp but do no damage.
Your punch misses the shadow imp.
The shadow imp is severely wounded.
The shadow imp closely misses you.
You barely miss the shadow imp.
The shadow imp is heavily wounded.
The shadow imp misses you. The shadow imp hits you.
* * * LOW HITPOINT WARNING * * *
You closely miss the shadow imp.
The shadow imp is heavily wounded.
The shadow imp closely misses you.
You hit the shadow imp.
The shadow imp is almost dead.
The shadow imp gestures at you. Pain shoots through your body!
You die...

≈≈≈≈≈≈≈≈≈≈≈≈≈≈≈≈.#≈≈≈≈≈≈
##############≈≈.# #####
#≈≈.#
#≈≈.#≈≈≈≈≈≈≈≈≈≈≈≈≈≈.
#≈≈.#≈≈≈≈≈≈≈≈≈≈≈≈≈..
#≈≈.#≈≈≈≈≈≈≈≈≈≈≈≈≈≈.
#≈≈.#≈≈≈≈≈≈≈≈≈≈≈≈...
#≈≈5# ≈≈≈≈≈≈≈≈≈≈≈...
#≈≈@####≈#≈≈###≈#.##
#≈..#.............≈≈
#≈≈..............≈≈≈
#≈≈.#.............≈≈
##.####≈##≈##≈###.## #≈.
≈≈≈≈≈≈≈≈≈≈≈ ..
#.≈≈≈≈≈≈≈≈≈≈≈≈≈≈≈≈
#.≈.≈≈≈≈≈≈≈≈≈≈≈≈≈≈≈
#≈≈≈≈≈≈≈≈≈≈≈≈≈≈≈≈≈.


You could see a shadow imp.

Vanquished Creatures
  Terence (D:2)
  An adder (D:3)
  A shadow imp (Sewer)
  3 worms
  A dart slug (D:1)
  9 ball pythons
  A bat zombie (Sewer)
  5 endoplasms
  A giant cockroach (Sewer)
  7 goblins
  7 hobgoblins
  8 jackals
  7 kobolds
  A quokka (D:2)
  3 bats
  4 frilled lizards
  2 kobold zombies (Sewer)
  A rat (D:3)
63 creatures vanquished.

Notes
Turn   | Place    | Note
-------+----------+-------------------------------------------
     0 | D:1      | styxcanada the Deep Elf Venom Mage began the quest for the
                  | Orb.
     0 | D:1      | Reached XP level 1. HP: 10/10 MP: 6/6
   143 | D:1      | Found Tyut's Book Emporium.
   490 | D:1      | Reached XP level 2. HP: 15/15 MP: 6/8
   750 | D:1      | Learned a level 2 spell: Poisonous Vapours
  1029 | D:1      | Found a faded altar of an unknown god.
  1547 | D:2      | Reached XP level 3. HP: 6/19 MP: 6/9
  1960 | D:2      | Noticed Terence
  2006 | D:2      | Killed Terence
  2007 | D:2      | Reached skill level 4 in Poison Magic
  2352 | D:2      | Found an ancient bone altar of Kikubaaqudgha.
  2411 | D:2      | Reached XP level 4. HP: 24/24 MP: 9/11
  2589 | D:2      | Found Mytzeol's Magic Scroll Shoppe.
  2605 | D:2      | Bought a scroll of identify for 26 gold pieces
  2867 | D:3      | Reached skill level 1 in Air Magic
  3290 | D:3      | Found a runed translucent door.
  3291 | D:3      | Noticed pkoi's ghost (weakling DrCj)
  3317 | D:3      | Found a glowing drain.
  3357 | Sewer    | Entered a sewer
  3465 | Sewer    | Killed from afar by a shadow imp

Illustrated notes

Levels and vault maps discovered:
D:1:      dpeg_arrival_circle_labyrinth_a, layout_basic, serial_shops, shop,
          shapermc_ecumenical_altar_petra
D:2:      layout_rooms, basic_altar, serial_shops, shop, uniq_terence
D:3:      layout_loops_ring, ebering_ghost_reflecting_pool,
          cheibrodos_sewer_entry_bend
Sewer:    kennysheep_sewer_church

Skill      XL: |  1  2  3  4 |
---------------+-------------+-----
Transmutations | 2 |  2.2
Poison Magic   | 4 |  4.3
Stealth        | 3 |  3.2
Air Magic      | 1 |  1.2
Long Blades    | |  0.8
Dodging        | |  2.4
Spellcasting   | |  3.9

Action                   |  1- 3 |  4- 6 || total
-------------------------+-------+-------++-------
Melee: Long sword        |    10 |    56 ||    66
 Cast: Sting             |    44 |    23 ||    67
       Poisonous Vapours |    19 |    10 ||    29
  Use: Scroll            |     2 |     2 ||     4
       Potion            |     1 |     1 ||     2
 Stab: Sleeping          |       |     3 ||     3
Armor: Robe              |     7 |     9 ||    16
Dodge: Dodged            |    33 |    50 ||    83
